 Dungeon Crawl Stone Soup version 0.29-a0-338-g1ff7896281 (webtiles) character file.

Game seed: 18043434039792523456

160 bande the Covered (level 5, -8/33 HPs)
             Began as a Gargoyle Fighter on Apr 19, 2022.
             Mangled by an ogre
             ... wielding a +0 giant club
              (23 damage)
             ... on level 4 of the Dungeon.
             The game lasted 00:05:44 (2768 turns).

bande the Covered (Gargoyle Fighter)                Turns: 2768, Time: 00:05:45

Health: -8/33      AC: 15    Str: 19    XL:     5   Next: 41%
Magic:  5/5        EV:  5    Int:  9    God:
Gold:   128        SH:  4    Dex: 11    Spells: 4/4 levels left

rFire   + . .      SeeInvis .   a - +1 war axe
rCold   + . .      Faith    .   c - +0 buckler
rNeg    + . .      Spirit   .   r - +0 plate armour
rPois   ∞          Reflect  .   (no helmet)
rElec   +          Harm     .   p - scarf {rC+ rF+}
rCorr   .          Rampage  .   (no gloves)
Will    .....                   (no boots)
Stlth   ..........              (no amulet)
HPRegen 0.11/turn               (no ring)
MPRegen 0.09/turn               (no ring)

@: no status effects
A: sickness immunity, AC +4, negative energy resistance 1, electricity
resistance, torment resistance 1, petrification resistance
a: no special abilities


You were on level 4 of the Dungeon.
You visited 1 branch of the dungeon, and saw 4 of its levels.

You collected 128 gold pieces.

Inventory:

Hand Weapons
 a - a +1 war axe (weapon)
Armour
 c - a +0 buckler (worn)
 p - a scarf of resistance (worn)
 r - a +0 plate armour (worn)
Jewellery
 h - a ring of wizardry
 j - an amulet of the acrobat
Scrolls
 l - a scroll of acquirement {unknown}
 q - 4 scrolls of teleportation
Potions
 b - a potion of cancellation {unknown}
 d - 3 potions of might
 e - a potion of lignification {unknown}
 f - 2 potions of haste
 g - a potion of heal wounds {unknown}
 i - a potion of curing {unknown}
 k - a potion of mutation {unknown}
 m - 2 potions of ambrosia
 n - 2 potions of brilliance


   Skills:
 + Level 4.0 Fighting
 + Level 3.5 Axes
 + Level 4.2 Armour
 + Level 3.9 Shields


You had 4 spell levels left.
You didn't know any spells.
Your spell library contained the following spells:

 Spells                   Type           Power      Damage    Failure   Level
 Conjure Flame            Conj/Fire      0%         6-21      100%        3
 Ignite Poison            Fire/Tmut/Pois 0%         N/A       100%        3
 Tukima's Dance           Hex            0%         N/A       100%        3
 Anguish                  Hex/Necr       0%         N/A       100%        4
 Sticky Flame             Conj/Fire      0%         2d3       100%        4
 Enfeeble                 Hex            0%         N/A       100%        7


Dungeon Overview and Level Annotations

Branches:
Dungeon (4/15)
 Temple: D:4-7

Altars:


Innate Abilities, Weirdness & Mutations

You are immune to sickness and miasma.
Your stone body is resilient. (AC +4)
You are immune to poison.
You resist negative energy. (rN+)
You are resistant to electric shocks. (rElec)
You are resistant to unholy torment.
You are immune to petrification.


Message History

A scorpion comes into view.
You hit the scorpion.
The scorpion is lightly wounded.
You block the scorpion's attack.
You hit the scorpion.
The scorpion is lightly wounded.
The scorpion stings you. x2
You closely miss the scorpion.
The scorpion is lightly wounded.
The scorpion stings you but does no damage.
The scorpion stings you.
You slash the scorpion!
The scorpion is severely wounded.
The scorpion barely misses you.
You closely miss the scorpion.
The scorpion is severely wounded.
The scorpion stings you but does no damage.
The scorpion stings you.
You barely miss the scorpion.
The scorpion is severely wounded.
The scorpion stings you but does no damage.
You block the scorpion's attack.
You slash the scorpion!
You kill the scorpion!
Your Fighting skill increases to level 4!
You have reached level 5!
An ogre comes into view. It is wielding a +0 giant club.
An ogre is nearby!
The ogre shouts!
You slash the ogre!
The ogre is moderately wounded.
The ogre hits you with a +0 giant club!
You hit the ogre.
The ogre is moderately wounded.
You block the ogre's attack.
You hit the ogre.
The ogre is heavily wounded.
The ogre hits you with a +0 giant club!!
Ouch! That really hurt!
You die...

#.###...######†#..#.###.
#.#............##....##.
#...####..###.....##.#..
#..##..##.# ##..........
#...)...#.# ###.......#
#...##..#.# #.#.#....
#..## ##.## #..#.####.
#..#..##...###...... .
##.#..O@........#. .
#.##..##..####... #
#..####...# ##......###
########


You could see an ogre.

Vanquished Creatures
  A scorpion (D:4)
  An iguana (D:4)
  An adder (D:3)
  A worm (D:3)
  13 endoplasms
  5 giant cockroaches
  4 goblins
  2 hobgoblins (D:2)
  2 jackals (D:1)
  3 quokkas
  9 ball pythons
  6 bats
  3 frilled lizards
  5 kobolds
  4 rats
60 creatures vanquished.

Vanquished Creatures (others)
  2 plants (D:1)
2 creatures vanquished.

Grand Total: 62 creatures vanquished

Notes
Turn   | Place    | Note
-------+----------+-------------------------------------------
     0 | D:1      | bande the Gargoyle Fighter began the quest for the Orb.
     0 | D:1      | Reached XP level 1. HP: 14/14 MP: 1/1
   279 | D:1      | Reached XP level 2. HP: 18/19 MP: 2/2
   697 | D:1      | Found a faded altar of an unknown god.
   856 | D:1      | Reached XP level 3. HP: 22/23 MP: 3/3
  2181 | D:3      | Reached XP level 4. HP: 28/29 MP: 4/4
  2732 | D:4      | Noticed a scorpion
  2740 | D:4      | Killed a scorpion
  2741 | D:4      | Reached XP level 5. HP: 28/33 MP: 5/5
  2764 | D:4      | Noticed an ogre
  2768 | D:4      | Mangled by an ogre

Illustrated notes

Levels and vault maps discovered:
D:1:      roderic_octagonal_star, layout_loops_corners,
          shapermc_ecumenical_altar_mp_urbaneastern, grunt_decor_clamped
D:2:      layout_basic
D:3:      layout_rooms, chequers_serial_rivers_marsh
D:4:      layout_rooms, nicolae_elemental_shop, hangedman_decor_slide_cut,
          minmay_close_crescents

Skill      XL: |  1  2  3  4 |
---------------+-------------+-----
Axes           | 2 3 |  3.5
Armour         | 4 |  4.2
Fighting       | 4 |  4.0
Shields        | |  3.9

Action                   |  1- 3 |  4- 6 || total
-------------------------+-------+-------++-------
Melee: War axe           |   132 |    42 ||   174
  Use: Scroll            |     9 |     2 ||    11
Armor: Scale mail        |    25 |       ||    25
       Chain mail        |    46 |       ||    46
       Plate armour      |    16 |    25 ||    41
Dodge: Dodged            |    50 |     9 ||    59
Block: Buckler           |    29 |    12 ||    41

Table legend: (Time is in decaauts)
 A = Elapsed time spent in this place.
 B = Non-inter-level travel time spent in this place.
 C = Inter-level travel time spent in this place.
 D = Time resting spent in this place.
 E = Time spent auto-exploring this place.
 F = Levels seen in this place.
 G = Mean time per level.
                   A        B        C        D        E       F      G
               +--------+--------+--------+--------+--------+-----+--------+
         Total |   2841 |   2739 |    102 |      0 |   2150 |   4 |  710.2 |
       Dungeon |   2841 |   2739 |    102 |      0 |   2150 |   4 |  710.2 |
               +--------+--------+--------+--------+--------+-----+--------+

Top non-repeatable levels by time:
     D:1: 1257 daAuts
     D:2: 745 daAuts
     D:3: 651 daAuts
     D:4: 186 daAuts
